 Dungeon Crawl Stone Soup version 0.17-a0-2208-ge5ab1d3 (webtiles) character file.

7918 Goblin1989 the Grappler (level 11, -7/102 HPs)
             Began as a Troll Fighter on Oct 26, 2015.
             Was an Elder of Okawaru.
             Killed from afar by an ice dragon (42 damage)
             ... with a blast of cold
             ... on level 10 of the Dungeon.
             The game lasted 00:35:26 (7410 turns).

Goblin1989 the Grappler (Troll Fighter)             Turns: 7410, Time: 00:35:29

Health: -7/102     AC:  8    Str: 33    XL:     11   Next: 3%
Magic:  10/10      EV:  6    Int:  8    God:    Okawaru [****..]
Gold:   665        SH: 19    Dex:  9    Spells: 0 memorised, 10 levels left

rFire  . . .     SeeInvis .       - Unarmed
rCold  . . .     Clarity  +     a - +0 robe
rNeg   . . .     SustAt   .     x - +0 large shield
rPois  .         Gourm    +     (helmet restricted)
rElec  .         Spirit   .     b - +0 cloak
rCorr  .         Warding  .     (gloves unavailable)
rMut   .         Stasis   .     (boots unavailable)
MR     .....                    I - amulet of clarity
Stlth  +.........               o - +4 ring of intelligence
                                i - +4 ring of strength

@: not resistant to hostile enchantments, very unstealthy
A: unfitting armour, claws 3, large bone plates 1, fast metabolism 3, gourmand,
mutation resistance 1, regeneration 2, shaggy fur 1, tough skin 2, wild magic 1,
MP-powered wands
a: Heroism, Renounce Religion


You were on level 10 of the Dungeon.
You worshipped Okawaru.
Okawaru was greatly pleased with you.
You were full.

You visited 2 branches of the dungeon, and saw 11 of its levels.

You collected 665 gold pieces.

Inventory:

Missiles
 t - 5 javelins of penetration
 v - 2 throwing nets
 w - 6 steel javelins (quivered)
Armour
 a - a +0 robe (worn)
 b - a +0 cloak (worn)
 x - a +0 large shield (worn)
Jewellery
 i - a +4 ring of strength (left claw)
 o - a +4 ring of intelligence (right claw)
 y - an uncursed amulet of stasis
 I - an amulet of clarity (around neck)
Wands
 c - a wand of paralysis (13)
 m - a wand of disintegration (14)
 n - a wand of teleportation (5)
 B - a wand of frost (19)
Scrolls
 e - 4 scrolls of remove curse
 g - a scroll of blinking
 h - 2 scrolls of teleportation {unknown}
 k - 2 scrolls of immolation {unknown}
 l - a scroll of holy word {unknown}
 r - 2 scrolls of fog {unknown}
 s - 2 scrolls of random uselessness {unknown}
 u - 2 scrolls of fear {unknown}
 C - a scroll of magic mapping
 J - a scroll of brand weapon
 K - a scroll of enchant armour
Potions
 E - 5 potions of curing
 G - a potion of flight
 H - a potion of resistance
Books
 A - a book of Unlife

   Spells                             Type                      Level
   a - Recall                         Summoning/Translocation      3
   b - Animate Dead                   Necromancy                   4
   c - Control Undead                 Necromancy                   4
   d - Cigotuvi's Embrace             Necromancy                   5
   e - Death Channel                  Necromancy                   6
   f - Simulacrum                     Ice/Necromancy               6
 D - a book of Fire

   Spells                             Type                      Level
   a - Ignite Poison                  Fire/Transmutation/Poison    3
   b - Fireball                       Conjuration/Fire             5
   c - Bolt of Fire                   Conjuration/Fire             6
   d - Delayed Fireball               Conjuration/Fire             7
   e - Ring of Flames                 Charms/Fire                  7
Comestibles
 d - 7 bread rations
 j - a fruit
 p - 4 slices of pizza
 q - 5 meat rations
 z - a beef jerky
 L - 7 royal jellies


   Skills:
 * Level 5.0 Fighting
 - Level 6.4 Throwing
 * Level 3.9 Armour
 - Level 2.4 Dodging
 * Level 5.0 Shields
 + Level 12.5 Unarmed Combat


You had 10 spell levels left.
You didn't know any spells.

Dungeon Overview and Level Annotations

Branches:
Dungeon (10/15)            Temple (1/1) D:4
   Lair: D:8-11         Orc: D:9-12

Altars:
Ashenzari
Cheibriados
Dithmenos
Elyvilon
Fedhas
Gozag
Kikubaaqudgha
Makhleb
Nemelex Xobeh
Okawaru
Qazlal
Ru
Sif Muna
Trog
Vehumet
Xom
Yredelemnul
Zin
The Shining One


Innate Abilities, Weirdness & Mutations

You are too large for most types of armour.
You have claws for hands.
Your metabolism is lightning-fast.
You like to eat raw meat.
You heal very quickly.
You are covered in fur (AC +1).
You have very tough skin (AC +2).
You are partially covered in large bone plates (AC +2, SH +2).
You are somewhat resistant to further mutation.
Your spells are a little harder to cast, but a little more powerful.
You expend magic power (3 MP) to strengthen your wands.


Message History

You claw the ice dragon!
The ice dragon is lightly wounded.
The ice dragon breathes frost at you. The blast of cold hits you!
Unknown command.
The ice dragon breathes frost at you.
The blast of cold hits the wight.
The wight resists.
The blast of cold hits you! The ice dragon breathes frost at you.
The blast of cold hits you! You block the quasit's attack. x2
The quasit claws you but does no damage.
You mangle the quasit!!
You kill the quasit!
Okawaru accepts your kill. The ice dragon breathes frost at you.
The blast of cold hits the wight.
The wight resists.
The wight is destroyed!
The blast of cold hits you!
You die...

#### ####≈≈≈###
###..≈≈≈≈...
##....;≈≈....
###......;≈≈..$
#####....)....≈≈≈≈$
######.@).D...)....≈≈≈≈≈
#......#####.......)≈≈≈≈
##.###### ##....$..≈≈≈≈
#..# ####...≈≈≈≈≈ #.##
######≈≈≈ #.#### ≈≈≈ ##
#....# #.#####.# ###.#
#.#


You could see an ice dragon.

Vanquished Creatures
  Urug (D:10)
  The ghost of Uberwunderbarhen the Changer, a novice OpTm of Makhleb (D:7)
  Pikel (D:6)
  The ghost of Goblin1989 the Cruncher, a novice GrGl of Makhleb (D:9)
  Psyche (D:10)
  2 gargoyles
  A queen bee (D:8)
  Prince Ribbit (D:5)
  A two-headed ogre (D:10)
  A deep elf mage (D:8)
  The ghost of inmateoo the Chucker, an amateur OgHu (D:4)
  A hippogriff (D:9)
  Edmund (D:6)
  3 ice beasts
  2 slaves (D:6)
  2 sky beasts
  A wasp (D:9)
  A black bear (D:7)
  2 ogres
  A centaur (D:7)
  A phantom (D:5)
  4 big kobolds
  A giant frog (D:6)
  3 scorpions
  16 killer bees
  6 wights
  3 giant frog zombies
  3 jellies
  3 crimson imps
  4 hounds
  2 centaur skeletons
  2 giant frog skeletons
  An iguana (D:8)
  4 orc wizards
  4 orc priests
  Terence (D:3)
  2 quasits
  9 worker ants
  Natasha (D:2)
  3 hound skeletons
  10 adders
  7 gnolls
  4 worms
  18 orcs
  2 ball pythons (D:2)
  16 bats
  8 goblins
  9 hobgoblins
  9 jackals
  A quokka (D:7)
  6 giant cockroaches
  10 giant geckos
  A giant gecko skeleton (D:4)
  4 giant newts
  27 kobolds
  A quokka skeleton (D:4)
  4 rats (D:3)
236 creatures vanquished.

Vanquished Creatures (others)
  A wight (D:10)
1 creature vanquished.

Grand Total: 237 creatures vanquished

Notes
Turn   | Place    | Note
--------------------------------------------------------------
     0 | D:1      | Goblin1989 the Troll Fighter began the quest for the Orb.
     0 | D:1      | Reached XP level 1. HP: 22/22 MP: 0/0
   423 | D:1      | Reached XP level 2. HP: 29/29 MP: 1/1
   722 | D:1      | Reached skill level 3 in Unarmed Combat
  1137 | D:2      | Reached XP level 3. HP: 26/36 MP: 2/2
  1262 | D:2      | Reached skill level 4 in Unarmed Combat
  1416 | D:2      | Noticed Natasha
  1425 | D:2      | Killed Natasha
  1425 | D:2      | Reached XP level 4. HP: 24/44 MP: 3/3
  1719 | D:3      | Reached skill level 5 in Unarmed Combat
  1775 | D:3      | Reached XP level 5. HP: 43/50 MP: 4/4
  1899 | D:3      | Noticed Terence
  1912 | D:3      | Killed Terence
  2032 | D:3      | Reached skill level 6 in Unarmed Combat
  2150 | D:3      | Found a bloodstained altar of Trog.
  2348 | D:4      | Noticed inmateoo's ghost (amateur OgHu)
  2362 | D:4      | Killed inmateoo's ghost
  2362 | D:4      | Reached skill level 7 in Unarmed Combat
  2362 | D:4      | Reached XP level 6. HP: 56/59 MP: 5/5
  2709 | D:4      | Found a shattered altar of Ashenzari.
  2738 | D:4      | Reached skill level 1 in Throwing
  2738 | D:4      | Reached XP level 7. HP: 66/66 MP: 6/6
  2766 | D:4      | Found a staircase to the Ecumenical Temple.
  2773 | Temple   | Entered the Ecumenical Temple
  2919 | Temple   | Became a worshipper of Warmaster Okawaru
  2945 | D:4      | Found a bloodstained altar of Trog.
  3168 | D:5      | Entered Level 5 of the Dungeon
  3230 | D:5      | Reached skill level 8 in Unarmed Combat
  3383 | D:5      | Reached * piety under Okawaru
  3383 | D:5      | Reached skill level 9 in Unarmed Combat
  3383 | D:5      | Reached XP level 8. HP: 25/74 MP: 7/7
  3481 | D:5      | Found a basalt altar of Yredelemnul.
  3588 | D:5      | Found a white marble altar of Elyvilon.
  3636 | D:5      | Noticed Prince Ribbit
  3659 | D:5      | Found a sacrificial altar of Ru.
  3754 | D:5      | Killed Prince Ribbit
  3992 | D:6      | Noticed Pikel
  4001 | D:6      | Killed Pikel
  4001 | D:6      | Reached ** piety under Okawaru
  4001 | D:6      | Reached skill level 10 in Unarmed Combat
  4001 | D:6      | Reached XP level 9. HP: 80/80 MP: 8/8
  4095 | D:6      | Noticed Edmund
  4121 | D:6      | Killed Edmund
  4121 | D:6      | Reached skill level 5 in Throwing
  4500 | D:7      | Noticed Uberwunderbarhen's ghost (novice OpTm)
  4618 | D:7      | Killed Uberwunderbarhen's ghost
  4618 | D:7      | Reached skill level 11 in Unarmed Combat
  4800 | D:7      | Reached *** piety under Okawaru
  5309 | D:8      | Found a burning altar of Makhleb.
  5420 | D:8      | Reached skill level 12 in Unarmed Combat
  5453 | D:8      | Received a gift from Okawaru
  5599 | D:8      | Reached XP level 10. HP: 80/88 MP: 9/9
  5633 | D:8      | Reached skill level 1 in Armour
  6130 | D:8      | Found a stormy altar of Qazlal.
  6341 | D:8      | Gained mutation: You are clumsy. (Dex -2) [potion of mutation]
  6341 | D:8      | Gained mutation: You expend magic power (3 MP) to strengthen your wands. [potion of mutation]
  6341 | D:8      | Gained mutation: Your spells are a little harder to cast, but a little more powerful. [potion of mutation]
  6342 | D:8      | Gained mutation: You are somewhat resistant to further mutation. [potion of mutation]
  6343 | D:8      | Gained mutation: You are partially covered in large bone plates (AC +2, SH +2). [potion of mutation]
  6343 | D:8      | Lost mutation: You are clumsy. (Dex -2) [potion of mutation]
  6381 | D:9      | Noticed Goblin1989's ghost (novice GrGl)
  6633 | D:9      | Found a deep blue altar of Sif Muna.
  6782 | D:9      | Killed Goblin1989's ghost
  6782 | D:9      | Reached **** piety under Okawaru
  6851 | D:9      | Found a sparkling altar of Nemelex Xobeh.
  7091 | D:10     | Entered Level 10 of the Dungeon
  7240 | D:10     | Noticed Urug
  7259 | D:10     | Killed Urug
  7259 | D:10     | Received a gift from Okawaru
  7288 | D:10     | Noticed Psyche
  7294 | D:10     | Killed Psyche
  7346 | D:10     | Received a gift from Okawaru
  7346 | D:10     | Reached skill level 5 in Shields
  7346 | D:10     | Reached XP level 11. HP: 101/101 MP: 10/10
  7390 | D:10     | Reached skill level 5 in Fighting
  7393 | D:10     | Noticed an ice dragon
  7410 | D:10     | Killed from afar by an ice dragon

Vault maps used:
D:1:      erik_arrival_cave_to_civilisation
D:2:      grunt_decor_resistance, uniq_natasha
D:3:      first_bread, grunt_ministairs_11, trog_hazing_becter, uniq_terence
D:4:      old_standard_altar, temple_green, ashenzari_altar_1
D:5:      nicolae_overflow_hidden_temple, nicolae_ru_sacrificial_ziggurat,
          basic_altar, uniq_prince_ribbit1
D:6:      uniq_edmund, uniq_pikel
D:8:      grunt_qazlal_clouds, basic_altar, david_nohive_1
D:9:      old_standard_altar, nicolae_overflow_crystal_walls
D:10:     dragon1_lemuel, david_lair_generic, grunt_decor_cap, kennysheep_dice,
          uniq_psyche, uniq_fannar, uniq_urug, uniq_maud
Temple:   water_room_temple_b_12

Action                   |  1- 3 |  4- 6 |  7- 9 | 10-12 || total
-------------------------+-------+-------+-------+-------++-------
Melee: Unarmed           |   111 |   142 |   353 |   205 ||   811
Invok: Heroism           |       |       |     2 |     1 ||     3
  Use: Potion            |       |     1 |     3 |     6 ||    10
       Scroll            |       |       |       |    12 ||    12
 Stab: Invisible         |       |       |     1 |       ||     1
       Sleeping          |       |       |       |     1 ||     1
  Eat: Chunk             |    18 |    12 |    28 |    13 ||    71
